 Dungeon Crawl Stone Soup version 0.30-a0-986-g7f2e898f52 (webtiles) character file.

Game seed: 16165582167262294563

2696 ytrimaz the Transmogrifier (level 9, -1/63 HPs)
             Began as a Demigod Transmuter on Apr 2, 2023.
             Slain by a killer bee (4 damage)
             ... on level 8 of the Dungeon.
             The game lasted 00:08:39 (6878 turns).

ytrimaz the Transmogrifier (Demigod Transmuter)     Turns: 6878, Time: 00:08:40

Health: -1/63      AC:  2    Str: 11    XL:     9   Next: 16%
Magic:  17/18      EV: 19    Int: 33    God:
Gold:   379        SH:  0    Dex: 19    Spells: 7/16 levels left

rFire   + . .      SeeInvis .    i - melded +9 whip of Execution {elec, *Noise *Corrode rPois Int+8}
rCold   + . .      Faith    .    (shield currently unavailable)
rNeg    . . .      Spirit   .    k - melded +3 ring mail "Otosa" {rF+ rN+ Int+8}
rPois   .          Reflect  .    (helmet currently unavailable)
rElec   +          Rampage  .    h - melded +1 cloak
rCorr   +                        (gloves currently unavailable)
Will    .....                    (boots currently unavailable)
Stlth   ++                       (no amulet)
HPRegen 0.30/turn                p - +6 ring of intelligence
MPRegen 0.16/turn                (no ring)

@: lethally poisoned (-1 -> -6), spider-form, resistant, wereblooded
A: venomous fangs, tiny, high MP 1, forlorn, divine attributes
a: End Transformation


You were on level 8 of the Dungeon.
You were a venomous arachnid creature.
You visited 1 branch of the dungeon, and saw 8 of its levels.

You collected 445 gold pieces.
You spent 66 gold pieces at shops.


Innate Abilities, Weirdness & Mutations

You are a venomous arachnid creature.
You have venomous fangs.
You are tiny and dextrous.
Your spellcasting is less reliable in this form.
Your armour is entirely melded.
You are incapable of wielding weapons or throwing items.
You have an increased reservoir of magic. (+10% MP)
You shall have no god before yourself.
Your divine heritage dramatically boosts your attributes as you level up.


   Skills:
 - Level 0.8 Fighting
 - Level 1.7 Dodging
 - Level 2.6 Unarmed Combat
 - Level 4.0 Spellcasting
 + Level 11.3 Transmutations


You had 7 spell levels left.
You knew the following spells:

 Your Spells              Type           Power      Damage    Failure   Level
b - Wereblood             Tmut           69%        N/A       1%          2
c - Spider Form           Tmut/Pois      43%        N/A       7%          3
d - Ice Form              Ice/Tmut       43%        N/A       16%         4

Your spell library contained the following spells:

 Spells                   Type           Power      Damage    Failure   Level
 Beastly Appendage        Tmut           100%       N/A       1%          1
 Dazzling Flash           Conj/Hex       12%        N/A       34%         3
 Kindle Blastsparks       Fire/Tloc/Air  12%        2d11      34%         3
 Ozocubu's Armour         Ice            6%         N/A       34%         3
 Iskenderun's Mystic Bla  Conj/Tloc      6%         2d4       67%         4
 Agony                    Necr           6%         N/A       93%         5
 Metabolic Englaciation   Hex/Ice        3%         N/A       93%         5
 Silence                  Hex/Air        3%         N/A       93%         5
 Simulacrum               Ice/Necr       3%         N/A       100%        6
 Starburst                Conj/Fire      3%         6d3       100%        6
 Necromutation            Tmut/Necr      21%        N/A       100%        8

Inventory:

Hand Weapons
 i - the +9 whip of Execution (melded) {elec, *Noise *Corrode rPois Int+8}
   (You found it on level 2 of the Dungeon)

   Int:       It affects your intelligence (+8).
   rPois:     It protects you from poison.
   *Noise:    It may make noises in combat.
   *Corrode:  It may corrode you when you take damage.
Armour
 a - a +0 robe
 h - a +1 cloak (melded)
   (You found it on level 1 of the Dungeon)
 k - the +3 ring mail "Otosa" (melded) {rF+ rN+ Int+8}
   (You found it on level 2 of the Dungeon)

   Int:       It affects your intelligence (+8).
   rF:        It protects you from fire.
   rN:        It protects you from negative energy.
Jewellery
 g - an amulet of guardian spirit
   (You found it on level 1 of the Dungeon)
 p - a +6 ring of intelligence (left front pincers)
   (You found it on level 4 of the Dungeon)
Wands
 c - a wand of flame (6)
   (You found it on level 5 of the Dungeon)
 n - a wand of paralysis (10)
   (You found it on level 3 of the Dungeon)
 r - a wand of roots (7)
   (You found it on level 4 of the Dungeon)
 x - a wand of polymorph (13)
   (You found it on level 7 of the Dungeon)
Scrolls
 j - 2 scrolls of vulnerability
 l - a scroll of magic mapping
 t - a scroll of enchant armour
Potions
 b - 2 potions of cancellation
 d - 2 potions of resistance
 e - a potion of flight
 f - 4 potions of curing
 m - 2 potions of berserk rage {unknown}
 o - 2 potions of might {unknown}
 q - 2 potions of attraction {unknown}
 s - a potion of invisibility {unknown}
 u - 2 potions of brilliance {unknown}
 w - a potion of mutation {unknown}

Dungeon Overview and Level Annotations

Branches:
Dungeon (8/15) Zot: 26948  Temple (0/1) D:7
   Lair: D:8-11

Shops:
D:6 *

Annotations:
D:3 3 runed translucent doors, oldplebian's ghost, weakling MfWr

######### #
#.###..yys..# .#
..o..g.y##.###.#
####..h.##.....#
#.yhy##..#### #
#.<.y##.....###
#. #..โ€
.###.#....# #..
##[#.....#.<..#
.ยง
#....####....#
#D###...##
#....#


You could see 2 howler monkeys, 6 killer bees, an orc wizard and a goblin.


Message History

You bite the howler monkey!
The howler monkey is poisoned.
The howler monkey hoots and howls with incredible vigour! x2
The howler monkey closely misses you.
The goblin hits you from afar with a +0 spear.
You hear an angry buzzing noise. x2; You hear a shout!
You hear an angry buzzing noise.
You hear a shout! ๐Ÿ˜ฎ HP[-2]
You take 2 damage, and now have 39/63 hp.
Unknown command.
You hit the howler monkey but do no damage.
The howler monkey looks as sick as possible!
The howler monkey completely misses you.
The howler monkey hits you. The howler monkey barely misses you.
A killer bee comes into view.
The howler monkey hits you.
* * * LOW HITPOINT WARNING * * *
The goblin hits you but does no damage.
The howler monkey misses you. ๐Ÿ˜จ HP[-9]
You take 9 damage, and now have 30/63 hp.
You completely miss the howler monkey. The howler monkey barely misses you.
The howler monkey misses you. The howler monkey hits you.
* * * LOW HITPOINT WARNING * * *
The howler monkey barely misses you. The goblin barely misses you.
The goblin closely misses you.
Unknown command.
You feel protected. The howler monkey barely misses you.
The howler monkey hits you.
* * * LOW HITPOINT WARNING * * *
The howler monkey hits you.
* * * LOW HITPOINT WARNING * * *
The goblin hits you from afar with a +0 spear.
* * * LOW HITPOINT WARNING * * *
The goblin barely misses you. ๐Ÿ˜จ HP[-9] MP[+1]
You take 9 damage, and now have 21/63 hp.
Unknown command.
You feel a bit better.
You kill the howler monkey!
The killer bee misses you.
The howler monkey hoots and howls with incredible vigour!
The killer bee barely misses you. The goblin barely misses you.
The goblin hits you with a +0 spear.
* * * LOW HITPOINT WARNING * * *
You hear an angry buzzing noise. x2; You hear a shout! x3
You hear an angry hiss. x2 ๐Ÿ˜จ HP[-1]
You take 1 damage, and now have 20/63 hp.
The howler monkey attacks as you move away!
The howler monkey closely misses you.
A killer bee comes into view.
The killer bee buzzes angrily.
You kill the steam dragon!
The steam dragon scales are intact enough to wear.
A killer bee comes into view.
The killer bee closely misses you.
A killer bee comes into view.
The goblin closely misses you. ๐Ÿ˜จ HP[+1]
You bite the goblin!
You feel a bit better.
You kill the goblin!
The killer bee stings you but does no damage.
A killer bee comes into view.
The howler monkey barely misses you.
The howler monkey completely misses you.
The killer bee closely misses you. The howler monkey hits you.
* * * LOW HITPOINT WARNING * * *
The howler monkey misses you. The goblin closely misses you.
A killer bee comes into view.
The killer bee closely misses you. x2
The howler monkey hoots and howls with incredible vigour!
An orc wizard comes into view. It is wielding a +0 dagger.
The howler monkey hoots and howls with incredible vigour!
You hear a shout!
Unknown command.
The killer bee attacks as you move away!
The killer bee barely misses you.
The killer bee buzzes angrily.
The killer bee stings you.
* * * LOW HITPOINT WARNING * * *
The killer bee barely misses you.
The goblin hits you from afar with a +0 spear.
* * * LOW HITPOINT WARNING * * *
๐Ÿ˜ฑ HP[-6]
You take 6 damage, and now have 15/63 hp.
The killer bee attacks as you move away!
The killer bee stings you!
* * * LOW HITPOINT WARNING * * *
You hear the faint creaking of a portcullis very nearby.
The killer bee barely misses you. The killer bee stings you.
* * * LOW HITPOINT WARNING * * *
You are lethally poisoned!
The killer bee poisons you! ๐Ÿ˜ฑ HP[-14] MP[+1]
You take 14 damage, and now have 1/63 hp.
MASSIVE DAMAGE!! (PAUSE)
You feel better. The killer bee stings you.
* * * LOW HITPOINT WARNING * * *
You are lethally poisoned!
The killer bee poisons you! The killer bee stings you.
You die...

Skill      XL: |  1  2  3  4  5  6  7  8 |
---------------+-------------------------+-----
Transmutations | 2 3 4 6 8 11 | 11.3
Spellcasting   | 2 3 4 |  4.0
Fighting       | |  0.8
Dodging        | |  1.7
Unarmed Combat | |  2.6

Action                     |  1- 3 |  4- 6 |  7- 9 || total
---------------------------+-------+-------+-------++-------
  Melee: Unarmed           |   126 |   130 |   213 ||   469
         Kick              |    30 |    14 |       ||    44
         Headbutt          |    18 |    12 |       ||    30
         Punch             |     1 |     2 |       ||     3
         Whip              |     1 |       |     7 ||     8
   Cast: Beastly Appendage |    25 |    13 |       ||    38
         Wereblood         |     1 |     2 |     6 ||     9
         Spider Form       |       |     6 |    10 ||    16
         Ice Form          |       |       |    10 ||    10
  Evoke: Wand              |       |       |     2 ||     2
    Use: Scroll            |     4 |     2 |     7 ||    13
         Potion            |       |     3 |     3 ||     6
   Stab: Paralysed         |       |       |    10 ||    10
         Sleeping          |       |       |     1 ||     1
 Armour: Robe              |    21 |       |       ||    21
         Ring mail         |     7 |    45 |     6 ||    58
         Skin              |       |     4 |    50 ||    54
  Dodge: Dodged            |    79 |    94 |   176 ||   349

Levels and vault maps discovered:
D:1:      dpeg_arrival_tiny_k, layout_basic, serial_corexii_hall,
          corexii_hall_statues_x, corexii_hall_statues_i,
          minmay_indecisive_spiral
D:2:      layout_rooms, uniq_crazy_yiuf_cottage
D:3:      layout_rooms, mainiacjoe_overflow_concentric_impassable,
          gammafunk_ghost_necromancy, dk_vineyard_3
D:4:      layout_loops_cross, mainiacjoe_overflow_boulevard
D:5:      layout_basic, lemuel_round_altar, minmay_misc_feat_enclosed
D:6:      minmay_spotlight, layout_loops_ring, mainiacjoe_overflow_alcove_1,
          nicolae_overflow_crystal_walls, serial_shops, shop_coins
D:7:      layout_gridville, nicolae_ashenzari_panopticon, temple_doors_cd,
          uniq_joseph, uniq_maggie
D:8:      layout_basic, enter_bailey_3, chequers_serial_rivers_micro_d,
          nrook_mini_vaults

Notes
Turn   | Place    | Note
-------+----------+-------------------------------------------
     0 | D:1      | ytrimaz the Demigod Transmuter began the quest for the Orb.
     0 | D:1      | Reached XP level 1. HP: 15/15 MP: 5/5
     0 | D:1      | magus.rc [v1.9.6]
    68 | D:1      | Reached skill level 2 in Transmutations
   172 | D:1      | Reached XP level 2. HP: 22/22 MP: 7/7
   286 | D:1      | Learned a level 2 spell: Wereblood
   355 | D:1      | Reached skill level 2 in Spellcasting
   952 | D:2      | Reached skill level 3 in Transmutations
   952 | D:2      | Reached XP level 3. HP: 26/27 MP: 7/9
  1031 | D:2      | Identified the +9 whip of Execution {elec, *Noise *Corrode
                  | rPois Int+8}
  1121 | D:2      | Identified the +3 ring mail "Otosa" {rF+ rN+ Int+8}
  1398 | D:3      | Reached XP level 4. HP: 17/34 MP: 7/10
  1423 | D:3      | Learned a level 3 spell: Spider Form
  1697 | D:3      | Reached skill level 3 in Spellcasting
  1733 | D:3      | Found a runed translucent gate.
  1734 | D:3      | Found a runed translucent gate.
  1735 | D:3      | Found a runed translucent gate.
  1748 | D:3      | Noticed oldplebian's ghost (weakling MfWr)
  1989 | D:4      | You pick up a book of Spectacle and begin reading...
  1989 | D:4      | You add the spells Dazzling Flash, Iskenderun's Mystic
                  | Blast and Starburst to your library.
  2204 | D:4      | You add the spells Kindle Blastsparks and Necromutation to
                  | your library.
  2204 | D:4      | Got the Octavo of the Hippo
  2253 | D:4      | Reached skill level 4 in Transmutations
  2253 | D:4      | Reached XP level 5. HP: 15/39 MP: 1/12
  2258 | D:4      | HP: 14/58 [poisoned by a kobold]
  2439 | D:4      | Noticed a black bear
  2446 | D:4      | Learned a level 4 spell: Ice Form
  2456 | D:4      | HP: 3/39 [black bear (8)]
  2456 | D:4      | Killed a black bear
  2782 | D:5      | Entered Level 5 of the Dungeon
  2867 | D:5      | Reached skill level 4 in Spellcasting
  2867 | D:5      | Reached XP level 6. HP: 41/46 MP: 13/15
  2919 | D:5      | Reached skill level 5 in Transmutations
  3189 | D:5      | HP: 10/46 [acid (8)]
  3355 | D:5      | Reached skill level 6 in Transmutations
  3355 | D:5      | Reached XP level 7. HP: 51/51 MP: 13/16
  3757 | D:5      | You pick up a book of Winter and begin reading...
  3757 | D:5      | You add the spells Ozocubu's Armour, Metabolic Englaciation
                  | and Simulacrum to your library.
  4036 | D:5      | Reached skill level 7 in Transmutations
  4308 | D:6      | Found Ukobrolu's General Store.
  4421 | D:6      | Reached skill level 8 in Transmutations
  4457 | D:6      | Bought a potion of curing for 33 gold pieces
  4457 | D:6      | Bought a potion of flight for 33 gold pieces
  4624 | D:6      | Reached XP level 8. HP: 58/58 MP: 13/17
  5020 | D:6      | Reached skill level 9 in Transmutations
  5092 | D:6      | You pick up a book of the Senses and begin reading...
  5092 | D:6      | You add the spells Agony and Silence to your library.
  5297 | D:7      | Noticed Maggie
  5329 | D:7      | Killed Maggie
  5848 | D:7      | Reached skill level 10 in Transmutations
  5985 | D:7      | Noticed Joseph
  6292 | D:7      | Found a staircase to the Ecumenical Temple.
  6523 | D:7      | Killed Joseph
  6524 | D:7      | Reached skill level 11 in Transmutations
  6524 | D:7      | Reached XP level 9. HP: 33/63 MP: 9/18
  6876 | D:8      | HP: 15/63 [goblin/+0 spear (5)]
  6877 | D:8      | HP: 7/63 [killer bee (8)]
  6877 | D:8      | HP: 1/63 [killer bee (6)]
  6878 | D:8      | Slain by a killer bee

Vanquished Creatures
  Joseph (D:7)
  Maggie (D:7)
  A steam dragon (D:8)
  2 orc warriors (D:6)
  An ogre (D:5)
  2 black bears
  A centaur (D:5)
  A phantom (D:5)
  A kobold brigand (D:7)
  2 bullfrogs
  3 scorpions
  4 howler monkeys
  6 hounds
  3 orc priests
  3 jellies
  3 sleepcaps
  4 iguanas
  4 orc wizards
  3 adders
  3 gnolls (D:7)
  A shadow imp (D:6)
  A white imp (D:7)
  An ufetubus (D:5)
  A worm (D:3)
  17 orcs
  6 ball pythons
  6 endoplasms
  4 giant cockroaches
  6 goblins
  9 hobgoblins
  8 jackals
  12 kobolds
  3 quokkas (D:1)
  4 bats
  2 frilled lizards
  4 rats
134 creatures vanquished.

Vanquished Creatures (others)
  3 plants (D:4)
3 creatures vanquished.

Grand Total: 137 creatures vanquished

Table legend:
 A = Non-vault XP
 B = Vault XP
 C = Vault XP percentage of total XP
 D = Non-vault monster count
 E = Vault monster count
 F = Vault count percentage of total count
                 A         B        C        D         E       F
            +---------+---------+-------+---------+---------+-------
      Total |    2881 |     971 |  25.2 |     125 |       9 |   6.7
            +---------+---------+-------+---------+---------+-------
        D:1 |      39 |       7 |  15.2 |      22 |       4 |  15.4
        D:2 |      36 |       0 |   0.0 |      13 |       0 |   0.0
        D:3 |     118 |       0 |   0.0 |      23 |       0 |   0.0
        D:4 |     209 |       0 |   0.0 |       8 |       0 |   0.0
        D:5 |     774 |       0 |   0.0 |      16 |       0 |   0.0
        D:6 |     858 |      51 |   5.6 |      19 |       2 |   9.5
        D:7 |     602 |     911 |  60.2 |      22 |       2 |   8.3
        D:8 |     245 |       2 |   0.8 |       2 |       1 |  33.3
            +---------+---------+-------+---------+---------+-------

Illustrated notes

Table legend:
 A = Kills in this place as a percentage of kills in the entire game.
 B = Kills by you in this place as a percentage of kills by you in the entire game.
 C = Kills by friends in this place as a percentage of kills by friends in the entire game.
 D = Other kills in this place as a percentage of other kills in the entire game.
 E = Experience gained in this place as a percentage of experience gained in the entire game.
 F = Experience gained in this place divided by the number of levels of this place that you have seen.
                   A       B       C       D       E      F
               +-------+-------+-------+-------+-------+----------------------
         Total | 100.0 | 100.0 |   N/A |   N/A | 100.0 | 481.5
       Dungeon | 100.0 | 100.0 |   N/A |   N/A | 100.0 | 481.5
               +-------+-------+-------+-------+-------+----------------------

Table legend: (Time is in decaauts)
 A = Elapsed time spent in this place.
 B = Non-inter-level travel time spent in this place.
 C = Inter-level travel time spent in this place.
 D = Time resting spent in this place.
 E = Time spent auto-exploring this place.
 F = Levels seen in this place.
 G = Mean time per level.
                   A        B        C        D        E       F      G
               +--------+--------+--------+--------+--------+-----+--------+
         Total |   6854 |   6646 |    208 |    328 |   5098 |   8 |  856.8 |
       Dungeon |   6854 |   6646 |    208 |    328 |   5098 |   8 |  856.8 |
               +--------+--------+--------+--------+--------+-----+--------+

Top non-repeatable levels by time:
     D:5: 1510 daAuts
     D:7: 1419 daAuts
     D:6: 1104 daAuts
     D:1: 919 daAuts
     D:4: 793 daAuts
     D:3: 631 daAuts
     D:2: 424 daAuts
     D:8: 50 daAuts
